 Dungeon Crawl Stone Soup version 0.27-a0-1202-ge72e49191c (webtiles) character file.

Game seed: 15962346718445628426

53 pokeman the Magician (level 3, -3/20 HPs)
             Began as a Deep Elf Hedge Wizard on June 3, 2021.
             Killed from afar by Sigmund (10 damage)
             ... with a puff of flame
             ... on level 2 of the Dungeon.
             The game lasted 00:07:30 (2956 turns).

pokeman the Magician (Deep Elf Hedge Wizard)        Turns: 2956, Time: 00:07:30

Health: -3/20      AC:  4    Str:  7    XL:     3   Next: 62%
Magic:  8/11       EV: 12    Int: 19    God:
Gold:   72         SH:  0    Dex: 14    Spells: 1/12 levels left

rFire    . . .     SeeInvis .   a - +0 dagger
rCold    . . .     Faith    .   (no shield)
rNeg     . . .     Spirit   .   e - +0 leather armour
rPois    .         Reflect  .   c - +0 hat
rElec    .         Harm     .   d - +0 cloak
rCorr    .         Rampage  .   (no gloves)
Will     .....                  (no boots)
Stlth    ++........             (no amulet)
HPRegen  0.06/turn              (no ring)
MPRegen  0.12/turn              (no ring)

@: no status effects
A: no striking features
a: no special abilities


You were on level 2 of the Dungeon.
You visited 1 branch of the dungeon, and saw 2 of its levels.

You collected 72 gold pieces.

Inventory:

Hand Weapons
 a - a +0 dagger (weapon)
Missiles
 i - 32 arrows
Armour
 c - a +0 hat (worn)
 d - a +0 cloak (worn)
 e - a +0 leather armour (worn)
Scrolls
 b - 2 scrolls of identify {unknown}
 f - a scroll of noise {unknown}
 g - a scroll of magic mapping {unknown}
 k - a scroll of teleportation {unknown}
Potions
 h - a potion of heal wounds {unknown}
 j - a potion of curing {unknown}
 l - a potion of mutation {unknown}


   Skills:
 + Level 0.9 Fighting
 - Level 1.0 Armour
 + Level 2.5 Dodging
 - Level 2.4 Stealth
 * Level 5.3 Spellcasting
 + Level 1.9 Conjurations
 - Level 1.1 Summonings
 - Level 1.1 Translocations


You had one spell level left.
You knew the following spells:

 Your Spells              Type           Power      Damage    Failure   Level
a - Magic Dart            Conj           48%        1d5       8%          1
b - Mephitic Cloud        Conj/Pois/Air  7%         N/A       38%         3
c - Call Imp              Summ           9%         N/A       17%         2
d - Blink                 Tloc           N/A        N/A       17%         2
e - Conjure Flame         Conj/Fire      8%         6-21      34%         3

Your spell library contained the following spells:

 Spells                   Type           Power      Damage    Failure   Level
 Slow                     Hex            5%         N/A       26%         2


Dungeon Overview and Level Annotations

Branches:
Dungeon (2/15)

Altars:

Annotations:
D:2 Sigmund


Message History

You start resting.
Magic restored.
You start resting.
HP restored.
You climb downwards.
Level annotation: Sigmund
There is a stone staircase leading up here.
Casting: Conjure Flame (potentially lethal; 34% risk of failure)
Confirm with . or Enter, or press ? or * to list all spells.
The spell is potentially lethal to cast (34% risk of failure)!
Continue anyway?
You miscast Conjure Flame.
You are very lightly contaminated with residual magic.
Nothing appears to happen.
Casting: Conjure Flame (potentially lethal; 34% risk of failure)
Confirm with . or Enter, or press ? or * to list all spells.
The spell is potentially lethal to cast (34% risk of failure)!
Continue anyway?
The fire begins to smoulder!
Sigmund gestures at you while chanting.
You are confused.
Sigmund points at you and mumbles some strange words.
The puff of flame hits you.
The fire ignites!
Sigmund says, "I'm your fate."
Sigmund gestures at himself while chanting.
Sigmund flickers and vanishes!
Deactivating autopickup; reactivate with Ctrl-A.
Something barely misses you.
Your magical contamination has completely faded away.
You feel less confused. Something hits you!
* * * LOW HITPOINT WARNING * * *
Casting: Conjure Flame (potentially lethal; 34% risk of failure)
Confirm with . or Enter, or press ? or * to list all spells.
You don't know that spell.
A magic dart appears from out of thin air!
The magic dart hits you.
* * * LOW HITPOINT WARNING * * *
A puff of flame appears from out of thin air!
The puff of flame hits you!
Ouch! That really hurt!
You die...

######### ##...## #......##.#.#.
...# #...# #...........#. ##.###
#...# ###.......###. .....# #...#
#.##.##.# #. ##.#.# #...#
#.##.##.###.
##.#.#######...#######....##.##..
##...#............)..#....[..##..
#................<...............
#.#..#.....{....@....#..####.##>.
..{..#######...#######....##.##..
#.#.## #...# #.##.##.#### #.#.#
#...# #.##.##.#### #.#.# #...#
#........... {.#.# #...####
####.##..... ###.# #......#
#.......# # #.# ##.###.#
#######.##.# ###.# #.###.####...#
#.##..


There were no monsters in sight!

Vanquished Creatures
  An adder (D:2)
  2 dart slugs (D:1)
  4 ball pythons
  4 bats
  3 endoplasms
  3 giant cockroaches
  4 goblins
  5 hobgoblins
  2 jackals (D:1)
  3 frilled lizards
  2 kobolds (D:1)
  4 rats
37 creatures vanquished.

Notes
Turn   | Place    | Note
-------+----------+-------------------------------------------
     0 | D:1      | pokeman the Deep Elf Hedge Wizard began the quest for the
                  | Orb.
     0 | D:1      | Reached XP level 1. HP: 10/10 MP: 7/7
   207 | D:1      | Found a faded altar of an unknown god.
   230 | D:1      | Reached XP level 2. HP: 15/15 MP: 4/9
   758 | D:1      | Reached skill level 5 in Spellcasting
  1235 | D:1      | Reached XP level 3. HP: 20/20 MP: 8/11
  1239 | D:1      | Learned a level 3 spell: Mephitic Cloud
  1242 | D:1      | Learned a level 2 spell: Call Imp
  1245 | D:1      | Learned a level 2 spell: Blink
  1249 | D:1      | Learned a level 3 spell: Conjure Flame
  1825 | D:2      | Reached skill level 1 in Armour
  2358 | D:2      | Noticed Sigmund
  2370 | D:2      | HP: 1/20 [something/magic dart (6)]
  2956 | D:2      | Killed from afar by Sigmund

Illustrated notes

Levels and vault maps discovered:
D:1:      erik_arrival_blinker_ship, layout_basic, shapermc_ecumenical_altar_gd,
          minmay_misc_feat_iff, minmay_misc_feat_more_columns
D:2:      layout_loops_cross, uniq_sigmund

Skill      XL: |  1  2  3 |
---------------+----------+-----
Spellcasting   | 5 |  5.3
Armour         | 1 |  1.0
Fighting       | |  0.9
Dodging        | |  2.5
Stealth        | |  2.4
Conjurations   | |  1.9
Summonings     | |  1.1
Translocations | |  1.1

Action                   || total
-------------------------++-------
Melee: Dagger            ||    19
 Cast: Magic Dart        ||   100
       Conjure Flame     ||     2
       Mephitic Cloud    ||     1
Armor: Robe              ||     4
       Leather armour    ||     8
Dodge: Dodged            ||    22

Table legend: (Time is in decaauts)
 A = Elapsed time spent in this place.
 B = Non-inter-level travel time spent in this place.
 C = Inter-level travel time spent in this place.
 D = Time resting spent in this place.
 E = Time spent auto-exploring this place.
 F = Levels seen in this place.
 G = Mean time per level.
                   A        B        C        D        E       F      G
               +--------+--------+--------+--------+--------+-----+--------+
         Total |   2957 |   2880 |     77 |    384 |   2186 |   2 | 1478.5 |
       Dungeon |   2957 |   2880 |     77 |    384 |   2186 |   2 | 1478.5 |
               +--------+--------+--------+--------+--------+-----+--------+

Top non-repeatable levels by time:
     D:1: 1951 daAuts
     D:2: 1006 daAuts
